 Dungeon Crawl Stone Soup version 0.17-a0-1479-g4041c36 (webtiles) character file.

1363 urechis the Cruncher (level 8, -13/53 HPs)
             Began as a Tengu Gladiator on July 3, 2015.
             Was a Follower of Trog.
             Shot with a sling bullet by Joseph (15 damage)
             ... on level 7 of the Dungeon.
             The game lasted 00:16:41 (6472 turns).

urechis the Cruncher (Tengu Gladiator)              Turns: 6472, Time: 00:16:41

Health: -13/53     AC:  6    Str: 15    XL:     8   Next: 64%
Magic:  6/9        EV: 16    Int:  8    God:    Trog [*.....]
Gold:   334        SH:  0    Dex: 18    Spells: 0 memorised, 7 levels left

rFire  . . .     SeeInvis .     a - +0 quarterstaff
rCold  . . .     Clarity  .     A - +0 leather armour
rNeg   + . .     SustAt   .     (no shield)
rPois  .         Gourm    .     c - +0 hat
rElec  .         Spirit   .     K - +2 cloak
rCorr  .         Warding  +     (no gloves)
rMut   .         Stasis   .     (boots unavailable)
MR     .....                    C - amulet of warding
Stlth  ++........               t - +3 ring of slaying
                                r - ring of stealth

@: flying quickly and evasively, quick, not resistant to hostile enchantments,
unstealthy
A: beak, talons 3, able to fly 1
a: Burn Spellbooks, Berserk, Renounce Religion


You were on level 7 of the Dungeon.
You worshipped Trog.
Trog was aware of your devotion.
You were not hungry.

You visited 2 branches of the dungeon, and saw 8 of its levels.

You collected 334 gold pieces.

Inventory:

Hand weapons
 a - a +0 quarterstaff (weapon)
 b - a +0 blowgun
Missiles
 e - 3 throwing nets (quivered)
 B - 17 poisoned needles
Armour
 c - a +0 hat (worn)
 A - a +0 leather armour (worn)
 K - a +2 cloak (worn)
Jewellery
 i - an uncursed ring of teleportation
 r - a ring of stealth (left hand)
 t - a +3 ring of slaying (right hand)
 C - an amulet of warding (around neck)
 I - an uncursed ring of invisibility
Scrolls
 g - 2 scrolls of remove curse
 j - a scroll of magic mapping {unknown}
 l - 3 scrolls of recharging {unknown}
 n - 3 scrolls of fear {unknown}
 u - 5 scrolls of identify {unknown}
 w - 2 scrolls of immolation {unknown}
 y - 2 scrolls of teleportation {unknown}
 F - 2 scrolls of enchant weapon {unknown}
 G - 3 scrolls of amnesia {unknown}
 J - a scroll of enchant armour {unknown}
 M - a scroll of fog {unknown}
Potions
 h - 2 potions of magic {unknown}
 k - a potion of resistance {unknown}
 m - a potion of beneficial mutation {unknown}
 p - 2 potions of degeneration {unknown}
 s - a potion of flight {unknown}
 v - a potion of agility {unknown}
 x - a potion of ambrosia {unknown}
 z - a potion of brilliance {unknown}
 E - 3 potions of curing {unknown}
Comestibles
 d - 5 bread rations
 f - 2 fruits
 o - 4 meat rations
 q - a slice of pizza
 D - a beef jerky
 H - a royal jelly
 L - a chunk of flesh


   Skills:
 + Level 7.6 Fighting
 + Level 8.6 Staves
 - Level 2.1 Throwing
 - Level 3.2 Dodging


You had 7 spell levels left.
You didn't know any spells.

Dungeon Overview and Level Annotations

Branches:
Dungeon (7/15)             Temple (1/1) D:5

Altars:
Ashenzari
Fedhas
Makhleb
Nemelex Xobeh
Okawaru
Qazlal
Ru
Sif Muna
Trog
Vehumet
Xom
Yredelemnul
Zin
The Shining One

Annotations:
D:7 Joseph


Innate Abilities, Weirdness & Mutations

You have a beak for a mouth.
You have claws for feet.
You can fly.


Message History

a club; a chain mail; an orc corpse You thump the orc priest!
You kill the orc priest!
Trog accepts your kill. Joseph hits you with a quarterstaff.
Joseph unwields an uncursed quarterstaff.
Joseph wields a hunting sling.
Joseph shoots a sling bullet.
The sling bullet hits you!
* * * LOW HITPOINT WARNING * * *
You see here a sling bullet.
Use which ability? (? or * to list)
You fail to use your ability.
Joseph shoots a sling bullet.
The sling bullet barely misses you.
Use which ability? (? or * to list)
You swoop lightly up into the air.
You feel very comfortable in the air.
You feel somewhat more hungry.
Joseph shoots a sling bullet.
The sling bullet misses you.
Joseph shouts, "Wow!"
Joseph shoots a sling bullet.
The sling bullet hits you!
You die...

#.. [..... .
##.. ......
..##... #......
....... .......
#...... ##....#
....... #.....#
......)## ##<.#
#.....))####...#
##.....@)(.@.(##
##...####....#
##.# ###......
#. ##...... #
#.##### ..# ##


You could see Joseph.

Vanquished Creatures
  A sky beast (D:6)
  An ogre (D:6)
  An ice beast (D:5)
  2 phantoms (D:4)
  3 giant frogs (D:6)
  2 jellies (D:5)
  A crimson imp (D:5)
  3 orc wizards
  An iguana (D:5)
  Crazy Yiuf (D:5)
  An orc priest (D:7)
  A hound (D:5)
  A centaur skeleton (D:4)
  Terence (D:3)
  2 worker ants (D:4)
  A hound zombie (D:7)
  Robin (D:3)
  A shadow imp (D:6)
  13 adders
  2 oozes
  An adder skeleton (D:5)
  8 worms
  7 giant geckos
  18 orcs
  7 giant cockroaches
  9 hobgoblins
  7 jackals
  7 bats
  5 giant newts
  24 goblins
  11 kobolds
  9 rats
153 creatures vanquished.

Notes
Turn   | Place    | Note
--------------------------------------------------------------
     0 | D:1      | urechis the Tengu Gladiator began the quest for the Orb.
     0 | D:1      | Reached XP level 1. HP: 12/12 MP: 2/2
   384 | D:1      | Reached XP level 2. HP: 18/18 MP: 3/3
   491 | D:1      | Reached XP level 3. HP: 15/22 MP: 4/4
   523 | D:1      | Reached skill level 4 in Staves
  1239 | D:2      | Reached XP level 4. HP: 7/28 MP: 5/5
  2315 | D:2      | Found a shattered altar of Ashenzari.
  2409 | D:2      | Gained mutation: You can fly. [Tengu growth]
  2409 | D:2      | Reached XP level 5. HP: 19/33 MP: 6/6
  2466 | D:2      | Reached skill level 5 in Staves
  3340 | D:3      | Noticed Terence
  3350 | D:3      | Killed Terence
  3465 | D:3      | Noticed Robin
  3506 | D:3      | Reached XP level 6. HP: 36/39 MP: 7/7
  3518 | D:3      | Killed Robin
  4003 | D:4      | Reached skill level 5 in Fighting
  4041 | D:4      | Reached skill level 6 in Staves
  4659 | D:4      | Found a burning altar of Makhleb.
  4659 | D:4      | Noticed a cacodemon
  4723 | D:4      | Reached XP level 7. HP: 36/45 MP: 8/8
  4971 | D:5      | Entered Level 5 of the Dungeon
  5030 | D:4      | Noticed a ynoxinul
  5030 | D:4      | Noticed a hellwing
  5090 | D:5      | Found a stormy altar of Qazlal.
  5116 | D:5      | Found a staircase to the Ecumenical Temple.
  5127 | Temple   | Entered the Ecumenical Temple
  5160 | Temple   | Became a worshipper of Trog the Wrathful
  5194 | D:5      | Reached skill level 7 in Staves
  5269 | D:5      | Found a glowing golden altar of the Shining One.
  5659 | D:5      | Reached XP level 8. HP: 52/52 MP: 9/9
  5665 | D:5      | Found a deep blue altar of Sif Muna.
  5710 | D:5      | Noticed Crazy Yiuf
  5720 | D:5      | Killed Crazy Yiuf
  5988 | D:6      | Reached skill level 8 in Staves
  6105 | D:6      | Acquired Trog's first power
  6397 | D:6      | Found a basalt altar of Yredelemnul.
  6455 | D:7      | Noticed Joseph
  6468 | D:7      | HP: 2/53 [Joseph/sling bullet (17)]
  6472 | D:7      | Shot with a sling bullet by Joseph

Vault maps used:
D:1:      elethiomel_arrival_quiet
D:2:      nicolae_ashenzari_panopticon, corner_web_ring
D:3:      minmay_door_path, first_bread, minmay_misc_feat_room, uniq_robin,
          uniq_terence
D:4:      makhleb_altar_promises_db, portal_sewer_entry_f, nrook_loot_triangle
D:5:      led_sif_pool, nicolae_overflow_crystal_walls, tso_metal_star,
          minmay_temple_entry_hall, uniq_crazy_yiuf_cottage
D:6:      basic_altar
D:7:      cheibrodos_worm_habitat, kennysheep_little_box, uniq_joseph,
          uniq_pikel
Temple:   temple_eino_lava_8

Action                   |  1- 3 |  4- 6 |  7- 9 || total
-------------------------+-------+-------+-------++-------
Melee: Quarterstaff      |    73 |   176 |   115 ||   364
 Fire: Blowgun           |       |     1 |       ||     1
 Abil: Fly               |       |     1 |     2 ||     3
  Use: Scroll            |       |     1 |       ||     1
 Stab: Sleeping          |       |    11 |    10 ||    21
       Confused          |       |       |     1 ||     1
  Eat: Chunk             |     1 |    11 |     5 ||    17
       Fruit             |       |       |     1 ||     1
